 Dungeon Crawl Stone Soup version 0.21-a0-404-g291f19a (webtiles) character file.

131 krabocopter the Cutter (level 5, -6/36 HPs)
             Began as a Halfling Skald on Oct 28, 2017.
             Mangled by an ice beast (9 damage)
             ... on level 6 of the Dungeon on Oct 29, 2017.
             The game lasted 00:08:13 (2609 turns).

krabocopter the Cutter (Halfling Skald)             Turns: 2609, Time: 00:08:13

Health: -6/36      AC:  4    Str: 12    XL:     5   Next: 37%
Magic:  7/7        EV: 14    Int: 11    God:
Gold:   39         SH:  0    Dex: 15    Spells: 6/7 levels left

rFire    . . .     SeeInvis .   k - +2 dagger (holy)
rCold    . . .     Gourm    .   (shield restricted)
rNeg     . . .     Faith    .   b - +0 leather armour
rPois    .         Spirit   .   m - +0 helmet
rElec    .         Reflect  .   (no cloak)
rCorr    .         Harm     .   (no gloves)
MR       .....                  (no boots)
Stlth    +.........             (no amulet)
HPRegen  0.12/turn              (no ring)
MPRegen  0.10/turn              (no ring)

@: no status effects
A: mutation resistance 1
a: no special abilities


You were on level 6 of the Dungeon.
You were hungry.

You visited 1 branch of the dungeon, and saw 4 of its levels.

You collected 39 gold pieces.

Inventory:

Hand Weapons
 a - a +0 short sword
 k - a +2 dagger of holy wrath (weapon)
 s - a +1 dagger of venom
Missiles
 e - 8 javelins
 f - 178 stones (quivered)
Armour
 b - a +0 leather armour (worn)
 m - a +0 helmet (worn)
Scrolls
 g - a scroll of remove curse
 j - a scroll of recharging
 l - a scroll of immolation
 q - a scroll of enchant weapon {unknown}
 r - a scroll of noise {unknown}
 v - 2 scrolls of identify {unknown}
Potions
 p - a potion of flight {unknown}
 t - a potion of haste {unknown}
Books
 c - a book of Battle

   Spells                             Type                      Level
   a - Infusion                       Charms                       1
   b - Shroud of Golubria             Charms/Translocation         2
   c - Song of Slaying                Charms                       2
   d - Spectral Weapon                Hexes/Charms                 3
   e - Regeneration                   Charms/Necromancy            3
Comestibles
 d - 2 bread rations
 i - a meat ration
 w - a royal jelly


   Skills:
 + Level 3.0 Fighting
 * Level 5.3 Short Blades
 - Level 1.1 Armour
 - Level 2.1 Dodging
 - Level 1.5 Spellcasting
 - Level 3.2 Charms


You had 6 spell levels left.
You knew the following spells:

 Your Spells              Type           Power        Failure   Level  Hunger
a - Infusion              Chrm           #...         10%         1    ##.....


Dungeon Overview and Level Annotations

Branches:
Dungeon (3/15)

Altars:
Trog


Innate Abilities, Weirdness & Mutations

You are small and have problems with some larger weapons.
You are somewhat resistant to further mutation.


Message History

You closely miss the ice beast.
The ice beast hits you but does no damage.
You hit the ice beast. You hit the ice beast. The ice beast hits you.
The ice beast freezes you!
* * * LOW HITPOINT WARNING * * *
You take 11 damage, and have 4/36 hp.
MASSIVE DAMAGE!!
You hit the ice beast.
The ice beast hits you but does no damage.
You barely miss the ice beast. The ice beast misses you.
You hit the ice beast but do no damage. You closely miss the ice beast.
The ice beast misses you.
You barely miss the ice beast.
The ice beast hits you but does no damage.
Your leather armour prevents you from hitting the ice beast.
The ice beast hits you but does no damage.
You hit the ice beast but do no damage. You hit the ice beast.
The ice beast hits you.
* * * LOW HITPOINT WARNING * * *
The ice beast freezes you!
You die...

#.# #.# ##.# #).# #.##
#### #.# ...# #.# ##.##
########.# ....#
#......#@# ##..#
#.####.#Y#
....#####.####.#.######.#
##...........Y..........#
#..#####.###............
#............###########
##############


You could see an ice beast.

Vanquished Creatures
  Terence (D:2)
  3 adders
  3 oozes
  3 worms (D:2)
  A dart slug (D:2)
  2 leopard geckos
  An orc (D:6)
  2 giant cockroaches
  5 hobgoblins
  5 bats (D:1)
  3 frilled lizards
  10 goblins
  9 kobolds
  7 rats
55 creatures vanquished.

Notes
Turn   | Place    | Note
-------+----------+-------------------------------------------
     0 | D:1      | krabocopter the Halfling Skald began the quest for the Orb.
     0 | D:1      | Reached XP level 1. HP: 14/14 MP: 3/3
   128 | D:1      | Reached skill level 3 in Short Blades
   128 | D:1      | Reached XP level 2. HP: 12/19 MP: 4/4
   633 | D:1      | Reached XP level 3. HP: 24/24 MP: 5/5
  1096 | D:2      | Reached skill level 4 in Short Blades
  1364 | D:2      | Reached XP level 4. HP: 30/30 MP: 1/6
  1439 | D:2      | Found a bloodstained altar of Trog.
  1721 | D:2      | Noticed Terence
  1736 | D:2      | Killed Terence
  1991 | D:2      | Reached XP level 5. HP: 36/36 MP: 7/7
  2022 | D:2      | Reached skill level 5 in Short Blades
  2310 | D:3      | Found a bloodstained altar of Trog.
  2477 | D:3      | You fall through a shaft for 3 floors!
  2551 | D:6      | Noticed an ice beast
  2609 | D:6      | Mangled by an ice beast

Vault maps used:
D:1:      roderic_chinese_lattice_arrival, minmay_liquid_box,
          hangedman_abyss_or_decor_stabs
D:2:      kennysheep_six_static_rooms, lemuel_doored_altar, first_bread,
          uniq_terence
D:3:      cheibrodos_helix_gallery, grunt_temple_overflow_open,
          trog_hazing_becter
D:6:      old_standard_altar, roderic_serpentine_path

Skill      XL: |  1  2  3  4  5 |
---------------+----------------+-----
Fighting       | 2 3 |  3.0
Short Blades   | 3 4 5 |  5.3
Armour         | |  1.1
Dodging        | |  2.1
Spellcasting   | |  1.5
Charms         | |  3.2

Action                   |  1- 3 |  4- 6 || total
-------------------------+-------+-------++-------
Melee: Short sword       |   105 |    15 ||   120
       Dagger            |       |   120 ||   120
Throw: Stone             |    19 |    12 ||    31
 Cast: Infusion          |     1 |       ||     1
  Use: Scroll            |       |     5 ||     5
       Potion            |       |     2 ||     2
 Stab: Sleeping          |     1 |       ||     1
  Eat: Chunk             |     1 |     4 ||     5
Armor: Leather armour    |    23 |    21 ||    44
Dodge: Dodged            |    71 |    79 ||   150

Table legend:
 A = Spawn XP
 B = Non-spawn XP
 C = Spawn XP percentage of total XP
 D = Spawn monster count
 E = Non-spawn monster count
 F = Spawn count percentage of total count
 G = Total turns spent on level
                    A         B        C        D         E        F      G
               +---------+---------+-------+---------+---------+-------+---------
         Total |       0 |     188 |   0.0 |       0 |      55 |   0.0 |  2609
               +---------+---------+-------+---------+---------+-------+---------
           D:1 |       0 |      34 |   0.0 |       0 |      20 |   0.0 |   900
           D:2 |       0 |     118 |   0.0 |       0 |      23 |   0.0 |  1341
           D:3 |       0 |      33 |   0.0 |       0 |      11 |   0.0 |   236
           D:6 |       0 |       3 |   0.0 |       0 |       1 |   0.0 |   132
               +---------+---------+-------+---------+---------+-------+---------
